 Dungeon Crawl Stone Soup version 0.28.0-53-g5a82cb258f (webtiles) character file.

Game seed: 17864598627034463131

6854 Zeld the Fighter (level 10, -9/101 HPs)
             Began as a Minotaur Berserker on June 7, 2022.
             Was a Priest of Trog.
             Mangled by a small abomination (13 damage)
             ... on level 3 of the Abyss.
             The game lasted 00:08:09 (12401 turns).

Zeld the Fighter (Minotaur Berserker)              Turns: 12401, Time: 00:08:10

Health: -9/101     AC: 15    Str: 26    XL:     10   Next: 78%
Magic:  5/9        EV:  7    Int:  4    God:    Trog [***...]
Gold:   521        SH:  6    Dex: 10    Spells: 9/9 levels left

rFire   + . .      SeeInvis .   i - +7 spear of Honojyli {vorpal, rF+}
rCold   . . .      Faith    .   x - +0 kite shield
rNeg    . . .      Spirit   .   b - +0 plate armour
rPois   .          Reflect  .   u - +1 hat
rElec   .          Harm     .   q - +0 cloak
rCorr   .          Rampage  .   k - +0 pair of gloves
Will    ++...                   n - +0 pair of boots
Stlth   ..........              (no amulet)
HPRegen 1.26/turn               (no ring)
MPRegen 0.11/turn               (no ring)

@: about to teleport, strong-willed, regenerating, slowed, very slow
A: horns 2, retaliatory headbutt, devolution 1
a: Renounce Religion, Berserk, Trog's Hand


You were on level 3 of the Abyss.
You worshipped Trog.
Trog was most pleased with you.
You visited 2 branches of the dungeon, and saw 11 of its levels.
You visited the Abyss 1 time.

You collected 521 gold pieces.

Inventory:

Hand Weapons
 a - a +0 war axe
 i - the +7 spear of Honojyli (weapon) {vorpal, rF+}
   (You took it off a hobgoblin on level 2 of the Dungeon)

   It inflicts extra damage upon your enemies.
   rF:        It protects you from fire.
Armour
 b - a +0 plate armour (worn)
 k - a +0 pair of gloves (worn)
 n - a +0 pair of boots (worn)
 q - a +0 cloak (worn)
 u - a +1 hat (worn)
 x - a +0 kite shield (worn)
Wands
 v - a wand of flame (20)
 C - a wand of acid (6)
Scrolls
 d - a scroll of teleportation
 f - 3 scrolls of enchant armour
 g - 2 scrolls of identify
 j - 2 scrolls of enchant weapon
 s - a scroll of summoning
 y - 2 scrolls of silence {unknown}
 A - a scroll of holy word {unknown}
 B - a scroll of fog {unknown}
 D - a scroll of fear {unknown}
Potions
 c - a potion of resistance {unknown}
 e - a potion of curing {unknown}
 h - 5 potions of attraction {unknown}
 o - 4 potions of heal wounds {unknown}
 p - 3 potions of brilliance {unknown}
 w - 5 potions of invisibility
 z - a potion of flight {unknown}


   Skills:
 * Level 13.0 Fighting
 * Level 12.9 Axes
 - Level 2.4 Armour
 + Level 8.4 Dodging


You had 9 spell levels left.
You didn't know any spells.
Your spell library was empty.

Dungeon Overview and Level Annotations

Branches:
Dungeon (10/15)            Temple (1/1) D:7            Lair (0/6) D:8
    Orc: D:9-12

Altars:
Ashenzari
Cheibriados
Dithmenos
Elyvilon
Fedhas
Gozag
Hepliaklqana
Kikubaaqudgha
Makhleb
Nemelex Xobeh
Okawaru
Qazlal
Ru
Sif Muna
Trog
Uskayaw
Vehumet
Wu Jian
Xom
Yredelemnul
Zin
The Shining One

Shops:
D:2 (

Annotations:
D:3 2 transporters, Zeld's ghost, weakling DrCj
D:10 Erolcha


Innate Abilities, Weirdness & Mutations

You have a pair of horns on your head.
You reflexively headbutt those who attack you in melee.
You have hidden genetic defects.


Message History

You feel the power of the Abyss delaying your translocation!
The thrashing horror tramples you!
* * * LOW HITPOINT WARNING * * *
You stumble backwards!
A chaos spawn comes into view.
The chaos spawn moves out of view.
The thrashing horror roars!
The chaos spawn gives a hideous shriek!
You hear a hideous shriek!
The thrashing horror tramples you.
* * * LOW HITPOINT WARNING * * *
You hold your ground!
The thrashing horror tramples you but does no damage.
The small abomination barely misses you.
You furiously retaliate!
You headbutt the small abomination.
You block the small abomination's attack.
Unknown command.
Unknown command.
The thrashing horror barely misses you. The thrashing horror tramples you.
* * * LOW HITPOINT WARNING * * *
You hold your ground!
The chaos spawn closely misses you.
Unknown command.
Unknown command. 2 spatial vortices come into view.
You block the thrashing horror's attack. x2
A thrashing horror comes into view.
The thrashing horror tramples you but does no damage. x2
The chaos spawn hits you.
* * * LOW HITPOINT WARNING * * *
You feel your power leaking away.
Your skin crawls.
You feel strong-willed.
The thrashing horror roars!
The thrashing horror tramples you.
* * * LOW HITPOINT WARNING * * *
You stumble backwards!
The thrashing horror tramples you.
* * * LOW HITPOINT WARNING * * *
You hold your ground!
The thrashing horror completely misses you.
The small abomination hits you!
You die...

.# .. .. ..##.
.## ## .#..#..#
#...#..## . #
#X#.....# # #...
#.## #.....##..#
# ..
#..####....v....
# .#.#
#.#....x@.#.#.#
# .
#....#.#.X....#
# ..
#.....4§.#...# .
## ## #....###.#
v#..
####.#..#..# ##
# . ..
#.#.###.#### .
##.........#
#..#...§.# x
.#..#.##


You could see 2 spatial vortices, 2 thrashing horrors, a chaos spawn and a small
abomination.

Vanquished Creatures
  A great orb of eyes (Abyss:3)
  A large abomination (Abyss:3)
  3 centaur zombies
  A raiju (Abyss:3)
  A hornet (D:9)
  4 slime creatures (D:8)
  2 wraiths
  8 yaks
  A wyvern (D:5)
  Eustachio (D:6)
  A water moccasin (D:7)
  A small abomination (Abyss:3)
  An orc warrior (D:8)
  2 necrophages
  A hornet zombie (D:6)
  2 sky beasts
  4 ogres
  2 centaurs
  A phantom (D:7)
  3 bullfrogs
  2 gnoll sergeants
  2 kobold brigands
  4 scorpions
  A wyvern skeleton (D:5)
  5 killer bees (D:9)
  5 howler monkeys
  14 wights
  2 gnoll shamans (D:7)
  2 jellies
  2 centaur skeletons
  2 iguanas
  An orc wizard (D:8)
  A scorpion zombie (D:5)
  A killer bee zombie (D:8)
  A howler monkey zombie (D:9)
  6 adders
  19 gnolls
  A shadow imp (D:8)
  3 adder zombies (D:2)
  3 adder skeletons
  2 worms (D:4)
  2 dart slugs
  12 orcs
  3 ball pythons
  3 bats
  2 bat skeletons (D:2)
  3 bat zombies (D:2)
  9 endoplasms
  2 giant cockroaches
  3 goblins
  6 hobgoblins
  10 jackals
  2 ball python skeletons (D:2)
  2 frilled lizards
  17 kobolds
  2 quokka skeletons (D:2)
  A rat (D:2)
199 creatures vanquished.

Vanquished Creatures (others)
  27 fungi (D:8)
  28 plants
  4 withered plants (D:2)
59 creatures vanquished.

Grand Total: 258 creatures vanquished

Notes
Turn   | Place    | Note
-------+----------+-------------------------------------------
     0 | D:1      | Zeld the Minotaur Berserker began the quest for the Orb.
     0 | D:1      | Reached XP level 1. HP: 19/19 MP: 0/0
   647 | D:1      | Reached XP level 2. HP: 27/27 MP: 1/1
   676 | D:1      | Reached skill level 4 in Fighting
   900 | D:1      | Found a faded altar of an unknown god.
  1158 | D:2      | Found Orial's Weapon Shoppe.
  1188 | D:2      | Reached XP level 3. HP: 19/33 MP: 2/2
  1399 | D:2      | Reached XP level 4. HP: 11/41 MP: 3/3
  1720 | D:2      | Identified the +7 spear of Honojyli {vorpal, rF+}
  1906 | D:2      | Reached skill level 5 in Fighting
  1939 | D:2      | Reached skill level 5 in Axes
  2064 | D:2      | Reached ** piety under Trog
  2747 | D:3      | Noticed Zeld's ghost (weakling DrCj)
  2777 | D:3      | Found a transporter.
  2777 | D:3      | Found a transporter.
  2805 | D:3      | Found a shimmering altar of Xom.
  3028 | D:4      | Noticed an ogre
  3033 | D:4      | Killed an ogre
  3034 | D:4      | Reached XP level 5. HP: 49/49 MP: 4/4
  3159 | D:4      | Reached XP level 6. HP: 38/57 MP: 5/5
  3349 | D:4      | Reached skill level 6 in Fighting
  4109 | D:4      | Reached XP level 7. HP: 60/64 MP: 6/6
  4133 | D:5      | Entered Level 5 of the Dungeon
  4188 | D:5      | You fall into a shaft and drop 1 floor!
  4197 | D:6      | Reached skill level 7 in Fighting
  5098 | D:5      | Noticed a wyvern
  5103 | D:5      | Killed a wyvern
  5545 | D:6      | Reached skill level 8 in Fighting
  5545 | D:6      | Reached skill level 5 in Dodging
  5545 | D:6      | Reached XP level 8. HP: 65/74 MP: 7/7
  5725 | D:6      | Noticed Eustachio
  5745 | D:6      | Killed Eustachio
  6825 | D:7      | Reached skill level 9 in Fighting
  6921 | D:7      | Reached *** piety under Trog
  7085 | D:7      | Reached XP level 9. HP: 58/85 MP: 8/8
  7264 | D:7      | Found a sparkling altar of Nemelex Xobeh.
  7368 | D:7      | Reached skill level 10 in Fighting
  7368 | D:7      | Reached skill level 10 in Axes
  7858 | D:7      | Found a staircase to the Ecumenical Temple.
  7863 | D:7      | Identified the +0 leather armour of Shielding {Dex+4}
  8039 | Temple   | Entered the Ecumenical Temple
  9052 | D:7      | Reached skill level 11 in Fighting
  9949 | D:8      | Reached XP level 10. HP: 90/96 MP: 9/9
 10501 | D:8      | Found a staircase to the Lair.
 10549 | D:9      | Paralysed by a hornet for 1 turns
 10764 | D:9      | Reached skill level 12 in Fighting
 11521 | D:9      | Reached **** piety under Trog
 11784 | D:9      | Reached skill level 13 in Fighting
 12061 | D:10     | Entered Level 10 of the Dungeon
 12076 | D:10     | Noticed Erolcha
 12090 | D:10     | Cast into level 2 of the Abyss (Erolcha)
 12123 | Abyss:2  | Noticed a starcursed mass
 12174 | Abyss:3  | Found a corrupted altar of Lugonu.
 12253 | Abyss:3  | Gained mutation: You have hidden genetic defects. [a
                  | neqoxec]
 12299 | Abyss:3  | Noticed a great orb of eyes
 12324 | Abyss:3  | Killed a great orb of eyes
 12335 | Abyss:3  | Noticed a large abomination
 12345 | Abyss:3  | Killed a large abomination
 12383 | Abyss:3  | Noticed a sun demon
 12395 | Abyss:3  | Noticed a thrashing horror
 12400 | Abyss:3  | Noticed a thrashing horror
 12401 | Abyss:3  | HP: 4/101 [thrashing horror (3)]
 12401 | Abyss:3  | Mangled by a small abomination

Illustrated notes

Levels and vault maps discovered:
D:1:      scummos_arrival_forest, layout_basic, basic_ecumenical_altar
D:2:      layout_rooms, serial_undead, serial_undead_a, serial_undead_b,
          serial_undead_a, serial_undead_a, serial_undead_e, serial_undead_a,
          serial_undead_e, serial_undead_f, serial_shops,
          nicolae_shop_waterfront, minmay_tripent
D:3:      layout_basic, mainiacjoe_overflow_alcove_4,
          gammafunk_ghost_gnarly_gnolls
D:4:      layout_cave_pods, minmay_statues_item
D:5:      layout_cave_pools
D:6:      layout_basic, uniq_eustachio
D:7:      layout_basic, mainiacjoe_overflow_catwalk,
          minmay_temple_entry_poolview, kennysheep_opposing_triangles
D:8:      layout_loops_ring, grunt_lair_entry_orc_guard_hut,
          grunt_ministairs_14, kennysheep_generic_room_14
D:9:      layout_irregular_city, serial_column_ruins, column_ruins_hut_ruined,
          column_ruins_open_tiny, column_ruins_grid_1,
          column_ruins_columns_straight, column_ruins_corridor_corner,
          column_ruins_open_tiny, column_ruins_grid_2, minmay_misc_feat_rows,
          grunt_ministairs_7, nrook_mini_backslash
D:10:     layout_gridville, erik_orc_1, st_stairs_10, uniq_erolcha
Temple:   mainiacjoe_temple_cubbyholes
Abyss:3:  base: D:8, guppyfry_abyss_exit_glass_guarded

Skill      XL: |  1  2  3  4  5  6  7  8  9 10 |
---------------+-------------------------------+-----
Fighting       | 4 5 6 8 9 11 13 | 13.0
Axes           | 4 5 6 8 9 11 12 | 12.9
Dodging        | 3 4 5 6 7 8 |  8.4
Armour         | |  2.4

Action                   |  1- 3 |  4- 6 |  7- 9 | 10-12 || total
-------------------------+-------+-------+-------+-------++-------
Melee: Hand axe          |    60 |    10 |       |       ||    70
       Headbutt          |     9 |    12 |    48 |    38 ||   107
       Spear             |       |    97 |   239 |   179 ||   515
       Punch             |       |       |     1 |       ||     1
Invok: Berserk           |     1 |     1 |     1 |     2 ||     5
       Trog's Hand       |       |       |       |     1 ||     1
  Use: Scroll            |       |       |       |    12 ||    12
 Stab: Sleeping          |       |     2 |       |     1 ||     3
Armor: Animal skin       |     5 |    14 |    29 |       ||    48
       Leather armour    |       |       |     8 |     5 ||    13
       Plate armour      |       |       |       |    42 ||    42
Dodge: Dodged            |    34 |    46 |    95 |    57 ||   232
Block: Kite shield       |       |       |    49 |    42 ||    91
